 Dungeon Crawl Stone Soup version 0.30-a0-29-g142975f185 (webtiles) character file.

Game seed: 9360591202566979205

42 xian the Sneak (level 3, 0/16 HPs)
             Began as a Spriggan Enchanter on Aug 26, 2022.
             Was a Believer of Ru.
             Succumbed to an adder's poison
             ... on level 2 of the Dungeon.
             The game lasted 00:03:28 (1152 turns).

xian the Sneak (Spriggan Enchanter)                 Turns: 1152, Time: 00:03:29

Health: 0/16       AC:  2    Str:  6    XL:     3   Next: 33%
Magic:  8/8        EV: 17    Int: 16    God:    Ru [**....]
Gold:   78         SH:  0    Dex: 15    Spells: 8/8 levels left

rFire   . . .      SeeInvis +    a - +1 dagger
rCold   . . .      Faith    .    (no shield)
rNeg    . . .      Spirit   .    b - +0 robe
rPois   .          Reflect  .    (helmet restricted)
rElec   .          Harm     .    (no cloak)
rCorr   .          Rampage  .    (gloves unavailable)
Will    .....                    (boots unavailable)
Stlth   +++.......               (no amulet)
HPRegen 0.05/turn                (no ring)
MPRegen 0.11/turn                (no ring)

@: lethally poisoned (0 -> -3), very quick
A: very small, no large weapons, unfitting armour, see invisible, speed 3, hated
by all
a: Renounce Religion


You were on level 2 of the Dungeon.
You worshipped Ru.
Ru was pleased with you.
You visited 1 branch of the dungeon, and saw 2 of its levels.

You collected 78 gold pieces.

Inventory:

Hand Weapons
 a - a +1 dagger (weapon)
Armour
 b - a +0 robe (worn)
Scrolls
 d - a scroll of magic mapping {unknown}
Potions
 c - 2 potions of invisibility


   Skills:
 + Level 1.1 Short Blades
 + Level 3.1 Dodging
 + Level 5.7 Stealth
 + Level 3.1 Spellcasting
 + Level 4.0 Hexes


You had 8 spell levels left.
You didn't know any spells.
Your spell library contained the following spells:

 Spells                   Type           Power      Damage    Failure   Level
 Slow                     Hex            60%        N/A       3%          1
 Confusing Touch          Hex            15%        N/A       11%         3
 Ensorcelled Hibernation  Hex/Ice        16%        N/A       12%         2
 Dazzling Flash           Conj/Hex       16%        N/A       24%         3
 Vampiric Draining        Necr           2%         2d6       50%         3
 Tukima's Dance           Hex            Unusable   N/A       N/A         3

Dungeon Overview and Level Annotations

Branches:
Dungeon (2/15)

Altars:
Ru


Innate Abilities, Weirdness & Mutations

You are very small and have problems with some larger weapons.
You are too small for most types of armour.
You have supernaturally acute eyesight. (SInv)
You cover ground extremely quickly. (Speed+++)
You are hated by all.


Message History

You hit the kobold.
You kill the kobold!
Things that are here:
a +0 dagger; 3 stones An adder is nearby!
The adder hisses angrily.
Found a scroll labelled BYGEDAO FEOGG.
Found a stone staircase leading down.
You barely miss the adder. The adder closely misses you.
You hit the adder but do no damage. The adder bites you.
You are poisoned.
The adder poisons you!
You hit the adder.
The adder is moderately wounded.
You feel sick. The adder bites you.
You are lethally poisoned!
The adder poisons you! The adder barely misses you.
You barely miss the adder.
The adder is moderately wounded.
You feel sick. The adder completely misses you.
You barely miss the adder.
The adder is moderately wounded.
* * * LOW HITPOINT WARNING * * *
You feel sick. The adder barely misses you.
You hit the adder.
The adder is severely wounded.
* * * LOW HITPOINT WARNING * * *
You feel sick. The adder completely misses you. The adder misses you.
You hit the adder.
You kill the adder!
* * * LOW HITPOINT WARNING * * *
You feel sick.
Okay, then.
Okay, then.
* * * LOW HITPOINT WARNING * * *
You feel sick.
You see here a scroll labelled BYGEDAO FEOGG.
Okay, then.
d - a scroll labelled BYGEDAO FEOGG You die...

# #. #..
###..#####
......... ##
###.....# .
....> #@# ..
......#.####
#..
......†....#
....
........##.#
....
#...#.#.##)#
....h ...
#.#.##.#
......
#####.#....#
#....# #....
#.##.#
..#..##
#.########.#


There were no monsters in sight!

Vanquished Creatures
  An adder (D:2)
  A worm (D:2)
  3 ball pythons (D:1)
  3 bats (D:1)
  5 endoplasms
  A giant cockroach (D:1)
  2 goblins (D:1)
  3 kobolds
  A quokka (D:1)
  4 frilled lizards
  5 rats
29 creatures vanquished.

Notes
Turn   | Place    | Note
-------+----------+-------------------------------------------
     0 | D:1      | xian the Spriggan Enchanter began the quest for the Orb.
     0 | D:1      | Reached XP level 1. HP: 9/9 MP: 5/5
   242 | D:1      | Reached XP level 2. HP: 13/13 MP: 6/6
   319 | D:1      | Found a faded altar of an unknown god.
   330 | D:1      | Prayed at the altar of an unknown god.
   330 | D:1      | Became a worshipper of Ru the Awakened
   335 | D:1      | Gained mutation: You are hated by all. [Ru sacrifice]
   335 | D:1      | Reached * piety under Ru
   335 | D:1      | Reached ** piety under Ru
   388 | D:1      | Reached skill level 5 in Stealth
  1058 | D:2      | Reached XP level 3. HP: 16/16 MP: 8/8
  1152 | D:2      | Succumbed to an adder's poison

Illustrated notes

Levels and vault maps discovered:
D:1:      amcnicky_arrival_single_pillar, layout_basic,
          shapermc_ecumenical_altar_venn
D:2:      layout_basic, serial_co_window_serial, co_window_paths_b,
          co_window_corner_a, co_window_paths_b, co_window_corner_a,
          co_window_of_opportunity_a, co_window_of_opportunity_a,
          co_window_broadway_c, co_window_unsneaky_path_d, co_window_broadway_a,
          glass_columns_b, glass_columns_a, glass_columns_b, glass_columns_a,
          glass_columns_b, dreamdust_mushroom_princess

Skill      XL: |  1  2 |
---------------+-------+-----
Stealth        | 5 |  5.7
Spellcasting   | 3 |  3.1
Hexes          | 4 |  4.0
Dodging        | 3 |  3.1
Short Blades   | |  1.1

Action                   || total
-------------------------++-------
Melee: Dagger            ||    81
       Punch             ||     1
Invok: Sacrifice Love    ||     1
 Stab: Sleeping          ||    13
       Distracted        ||     1
Armor: Robe              ||     5
Dodge: Dodged            ||    47

Table legend: (Time is in decaauts)
 A = Elapsed time spent in this place.
 B = Non-inter-level travel time spent in this place.
 C = Inter-level travel time spent in this place.
 D = Time resting spent in this place.
 E = Time spent auto-exploring this place.
 F = Levels seen in this place.
 G = Mean time per level.
                   A        B        C        D        E       F      G
               +--------+--------+--------+--------+--------+-----+--------+
         Total |    822 |    812 |     10 |      0 |    582 |   2 |  411.0 |
       Dungeon |    822 |    812 |     10 |      0 |    582 |   2 |  411.0 |
               +--------+--------+--------+--------+--------+-----+--------+

Top non-repeatable levels by time:
     D:1: 746 daAuts
     D:2: 75 daAuts
